 Dungeon Crawl Stone Soup version 0.28.0-53-g5a82cb258f (webtiles) character file.

Game seed: 15305221995091928199

200 Zeld the Skirmisher (level 6, -2/49 HPs)
             Began as a Formicid Fighter on May 21, 2022.
             Killed by divine providence
             ... invoked by an orc priest
              (13 damage)
             ... on level 4 of the Dungeon.
             The game lasted 00:02:23 (2952 turns).

Zeld the Skirmisher (Formicid Fighter)              Turns: 2952, Time: 00:02:24

Health: -2/49      AC:  8    Str: 22    XL:     6   Next: 6%
Magic:  6/6        EV: 10    Int:  8    God:
Gold:   111        SH:  4    Dex: 10    Spells: 5/5 levels left

rFire   . . .      SeeInvis +   a - +0 long sword
rCold   . . .      Faith    .   c - +0 buckler
rNeg    . . .      Spirit   .   b - +0 scale mail
rPois   .          Reflect  .   (helmet unavailable)
rElec   .          Harm     .   (no cloak)
rCorr   .          Rampage  .   (no gloves)
Will    .....                   j - +0 pair of boots
Stlth   ..........              (no amulet)
HPRegen 0.16/turn               (no ring)
MPRegen 0.10/turn               (no ring)

@: no status effects
A: permanent stasis, dig shafts and tunnels, antennae 3, four strong arms
a: Dig, Shaft Self


You were on level 4 of the Dungeon.
You visited 1 branch of the dungeon, and saw 4 of its levels.

You collected 111 gold pieces.

Inventory:

Hand Weapons
 a - a +0 long sword (weapon)
Armour
 b - a +0 scale mail (worn)
 c - a +0 buckler (worn)
 j - a +0 pair of boots (worn)
Scrolls
 g - 2 scrolls of immolation {unknown}
 i - 2 scrolls of identify {unknown}
 l - 2 scrolls of enchant armour {unknown}
 m - a scroll of teleportation {unknown}
 n - a scroll of silence {unknown}
 o - a scroll of fog {unknown}
Potions
 d - a potion of might
 e - a potion of attraction {unknown}
 f - 2 potions of curing {unknown}
 h - a potion of magic {unknown}
 k - a potion of lignification {unknown}
 p - a potion of invisibility {unknown}


   Skills:
 * Level 4.6 Fighting
 * Level 3.5 Long Blades
 + Level 3.8 Armour
 + Level 1.6 Dodging
 + Level 4.3 Shields


You had 5 spell levels left.
You didn't know any spells.
Your spell library was empty.

Dungeon Overview and Level Annotations

Branches:
Dungeon (4/15)
 Temple: D:4-7

Altars:

Shops:
D:2 (


Innate Abilities, Weirdness & Mutations

You cannot be hasted, slowed, berserked, paralysed or teleported.
You can dig through walls and to a lower floor.
You have a pair of large antennae on your head. (SInv)
Your four strong arms can wield two-handed weapons with a shield.


Message History

You closely miss the gnoll.
The gnoll is moderately wounded.
The gnoll hits you with a +0 flail!
You are too injured to fight recklessly!
You closely miss the gnoll.
The gnoll is moderately wounded.
The gnoll hits you with a +0 flail. You block the gnoll's attack.
You are too injured to fight recklessly!
You hit the gnoll.
The gnoll is severely wounded.
The gnoll barely misses you.
You are too injured to fight recklessly!
You hit the gnoll.
The gnoll is almost dead.
The gnoll hits you with a +0 flail.
You closely miss the gnoll.
The gnoll is almost dead.
The gnoll hits you with a +0 flail!
* * * LOW HITPOINT WARNING * * *
You barely miss the gnoll.
The gnoll is almost dead.
The gnoll hits you with a +0 flail.
* * * LOW HITPOINT WARNING * * *
The gnoll hits you but does no damage.
You barely miss the gnoll.
The gnoll is almost dead.
The gnoll hits you with a +0 flail.
* * * LOW HITPOINT WARNING * * *
Things that are here:
a jackal corpse; a jackal corpse; a jackal corpse You see here a +0 leather armour.
You see here an adder corpse.
You hit the gnoll but do no damage.
The gnoll is severely wounded.
The gnoll hits you with a +0 flail.
* * * LOW HITPOINT WARNING * * *
An orc priest comes into view. It is wielding a +0 club.
The orc priest mumbles some strange prayers to Beogh against you.
Beogh smites you!
You die...

### ##.## ##
######.#.######.###.#
#.
###.K...###Kg....#...#
.## ..# ....##.##
##o.g.@.# ##.#. .#
#######.###.#####.#
.#..# .# ##.#.##
#.#####.#.##.###
#####.##
#.##...........#
#.....#
#.#..{#.#.......
#.###.#
#...#...#.#.##.# #.#
##.#...#.#.#.##.# #.##
#.#######...#.#.##
#..#####.#
###..###รท...


You could see an orc priest, 2 gnolls and a kobold.

Vanquished Creatures
  A howler monkey (D:4)
  A hound (D:4)
  A gnoll shaman (D:4)
  An iguana (D:4)
  An adder (D:4)
  A gnoll (D:4)
  2 dart slugs
  2 orcs
  3 ball pythons
  6 endoplasms
  6 goblins
  6 hobgoblins
  7 jackals
  A quokka (D:1)
  A bat (D:2)
  4 frilled lizards
  2 kobolds
  3 rats
49 creatures vanquished.

Notes
Turn   | Place    | Note
-------+----------+-------------------------------------------
     0 | D:1      | Zeld the Formicid Fighter began the quest for the Orb.
     0 | D:1      | Reached XP level 1. HP: 18/18 MP: 1/1
   205 | D:1      | Reached XP level 2. HP: 24/24 MP: 2/2
   348 | D:1      | You fall into a shaft and drop 1 floor!
   369 | D:2      | Found Ammufaur's Antique Weapon Shoppe.
   753 | D:1      | Reached XP level 3. HP: 30/30 MP: 3/3
  1441 | D:2      | Identified the +1 robe "Suow" {-Tele rPois rC+ Int+2}
  2053 | D:3      | Reached skill level 1 in Dodging
  2300 | D:4      | Reached XP level 4. HP: 36/37 MP: 4/4
  2330 | D:4      | Reached XP level 5. HP: 31/43 MP: 5/5
  2862 | D:4      | Reached XP level 6. HP: 40/49 MP: 6/6
  2875 | D:4      | HP: 1/49 [gnoll/+0 flail (5)]
  2952 | D:4      | Killed from afar by an orc priest

Illustrated notes

Levels and vault maps discovered:
D:1:      lightli_arrival_lavapool, layout_basic, glass_columns_b,
          hangedman_decor_points
D:2:      layout_basic, serial_shops, shop
D:3:      layout_basic, dk_vineyard_1
D:4:      layout_loops_ring, serial_shops, shop, kennysheep_nub

Skill      XL: |  1  2  3  4 |
---------------+-------------+-----
Dodging        | 1 |  1.6
Fighting       | 4 |  4.6
Shields        | 4 |  4.3
Long Blades    | 3 |  3.5
Armour         | |  3.8

Action                   |  1- 3 |  4- 6 || total
-------------------------+-------+-------++-------
Melee: Long sword        |    83 |    55 ||   138
 Abil: Dig               |     2 |       ||     2
Armor: Scale mail        |    33 |    18 ||    51
Dodge: Dodged            |    48 |    25 ||    73
Block: Buckler           |    15 |     4 ||    19
